AoeStats
← ivcrk826

Arabia

508211659Analyzed
1v1 RM · 10d ago on Sep 21, 2026· 57m 33s· 2 players
Game mode
Random Map
Map size
Tiny (2 player)
Population
200
Speed
Normal
Resources
Standard
Victory
Conquest
Starting age
Dark Age
Ending age
Imperial Age
RankedLock teamsTeams togetherTeam positionsShared explorationLock speedFull tech treeHidden civsTurbo modeCheats
Victory
Defeat
🇬🇧 Vietnamese · United Kingdom
1119
+17
🇦🇷 Spanish · Argentina
1148
-17
Sezgeen
9:34 Loom
11:40 Feudal Age
12:10 Man-at-Arms
13:09 Double-Bit Axe
14:48 Horse Collar
17:32 Fletching
21:28 Wheelbarrow
21:14 Town Watch
24:22 Castle Age
24:25 Pikeman
24:27 Crossbowman
25:04 Bodkin Arrow
26:04 Bow Saw
28:56 Padded Archer Armor
30:26 Thumb Ring
34:47 Hand Cart
40:47 Imperial Age
41:09 Arbalester
43:41 Bracer
45:53 Leather Archer Armor
46:24 Ballistics
46:08 Squires
47:04 Capped Ram
48:21 Forging
49:30 Town Patrol
51:58 Ring Archer Armor
53:10 Light Cavalry
54:04 Bloodlines
ivcrk826
7:22 Loom
11:39 Feudal Age
21:01 Castle Age
22:20 Double-Bit Axe
Connection lost

Rejoining the realm…

Still unreachable

The connection could not be restored.

Session expired

The server has moved on; the page needs a fresh start.